NWL (28 & UNDER)
LA CROSSE LOGGERS @ BISMARCK BARONS
09/23/2025
 
TOP OF THE 1ST
La Crosse Loggers batting - Pitching for Bismarck Barons : RHP Sébastien Benoit
Pitching: RHP Sébastien Benoit
Batting: RHB James Jenkins 0-0: Ball
1-0: Swinging Strike
1-1: Foul Ball, location: 2F
1-2: Ball
2-2: Strikes out swinging wild pitch, reaches first!
Batting: RHB Bruce Brooks 0-0: Ball
1-0: Ball
2-0: Grounds into double play, 6-4-3 (Groundball, 6)
Batting: RHB James Green 0-0: Called Strike
0-1: Foul Ball, location: 2F
0-2: Foul Ball, location: 2F
0-2: Ball
1-2: Ball
2-2: Foul Ball, location: 2F
2-2: Ground out 6-3 (Groundball, 6)
Top of the 1st over - 0 run(s), 0 hit(s), 0 error(s), 0 left on base; La Crosse 0 - Bismarck 0
BOTTOM OF THE 1ST
Bismarck Barons batting - Pitching for La Crosse Loggers : RHP Bennie Jones
Pitching: RHP Bennie Jones
Batting: LHB John Frost 0-0: Called Strike
0-1: Swinging Strike
0-2: Ball
1-2: Ball
2-2: Ball
3-2: Foul Ball, location: 2F
3-2: Ground out 1-3 (Groundball, 13S)
Batting: SHB António De La Cruz 0-0: Foul Ball, location: 2F
0-1: Ball
1-1: Called Strike
1-2: Ground out 6-3 (Groundball, 6)
Batting: LHB Edwin Ryan 0-0: Swinging Strike
0-1: Ball
1-1: Foul Ball, location: 2F
1-2: Foul Ball, location: 2F
1-2: Strikes out swinging
Bottom of the 1st over - 0 run(s), 0 hit(s), 0 error(s), 0 left on base; La Crosse 0 - Bismarck 0
TOP OF THE 2ND
La Crosse Loggers batting - Pitching for Bismarck Barons : RHP Sébastien Benoit
Batting: LHB Ricardo Ruíz 0-0: Ball
1-0: Called Strike
1-1: Ball
2-1: Ball
3-1: Base on Balls
Batting: RHB Danny Campbell 0-0: Fielders Choice at 2nd, 6-4 (Groundball, 6)
Batting: LHB Brock Miller 0-0: Ball
1-0: Fly out, F5 (Popup, 5L)
Batting: RHB Vernon Romo 0-0: Ball
1-0: Called Strike
1-1: Foul Ball, location: 2F
1-2: Strikes out swinging
Top of the 2nd over - 0 run(s), 0 hit(s), 0 error(s), 1 left on base; La Crosse 0 - Bismarck 0
BOTTOM OF THE 2ND
Bismarck Barons batting - Pitching for La Crosse Loggers : RHP Bennie Jones
Batting: RHB Ronald Parsons 0-0: Ball
1-0: SINGLE (Flyball, 8LS)
Batting: RHB Seiji Kouno 0-0: Called Strike
0-1: Called Strike
0-2: Strikes out looking
Batting: RHB Eric Fuller 0-0: Called Strike
0-1: Fly out, F4 (Popup, 4D)
Batting: RHB Norm Francis 0-0: Called Strike
0-1: Foul Ball, location: 2F
0-2: Foul Ball, location: 2F
0-2: Ball
1-2: Foul Ball, location: 2F
1-2: SINGLE (Flyball, 78S)
Ronald Parsons to second
Batting: RHB Herb Bunch 0-0: Ball
1-0: Swinging Strike
1-1: Foul Ball, location: 2F
1-2: Ball
2-2: Foul Ball, location: 2F
2-2: Ball
3-2: Strikes out swinging
Bottom of the 2nd over - 0 run(s), 2 hit(s), 0 error(s), 2 left on base; La Crosse 0 - Bismarck 0
TOP OF THE 3RD
La Crosse Loggers batting - Pitching for Bismarck Barons : RHP Sébastien Benoit
Batting: RHB Kirk Powell 0-0: Ball
1-0: Called Strike
1-1: Swinging Strike
1-2: Foul Ball, location: 2F
1-2: Strikes out swinging
Batting: LHB David Doyle 0-0: Called Strike
0-1: Foul Ball, location: 2F
0-2: Ball
1-2: Foul Ball, location: 2F
1-2: Strikes out swinging
Batting: RHB James Jenkins 0-0: Ball
1-0: Ball
2-0: Ball
3-0: Base on Balls
Batting: RHB Bruce Brooks 0-0: Ball
1-0: Called Strike
1-1: Swinging Strike
1-2: Strikes out looking
Top of the 3rd over - 0 run(s), 0 hit(s), 0 error(s), 1 left on base; La Crosse 0 - Bismarck 0
BOTTOM OF THE 3RD
Bismarck Barons batting - Pitching for La Crosse Loggers : RHP Bennie Jones
Batting: RHB Pancho Torres 0-0: Foul Ball, location: 2F
0-1: Ball
1-1: Ground out 4-3 (Groundball, 4M)
Batting: LHB John Frost 0-0: Called Strike
0-1: SINGLE (Line Drive, 4MD)
Batting: SHB António De La Cruz 0-0: Ball
Throwing error on steal attempt, E2
John Frost to third
1-0: Foul Ball, location: 2F
1-1: Swinging Strike
1-2: Ball
2-2: Strikes out swinging
Batting: LHB Edwin Ryan 0-0: Called Strike
0-1: Ball
1-1: Swinging Strike
1-2: Strikes out swinging
Bottom of the 3rd over - 0 run(s), 1 hit(s), 1 error(s), 1 left on base; La Crosse 0 - Bismarck 0
TOP OF THE 4TH
La Crosse Loggers batting - Pitching for Bismarck Barons : RHP Sébastien Benoit
Batting: RHB James Green 0-0: Called Strike
0-1: Foul Ball, location: 2F
0-2: Ball
1-2: Ball
2-2: Foul Ball, location: 2F
2-2: Ground out 6-3 (Groundball, 6)
Batting: LHB Ricardo Ruíz 0-0: SINGLE (Line Drive, 78M)
Batting: RHB Danny Campbell 0-0: Foul Ball, location: 2F
0-1: Ball
1-1: Ball
2-1: Ball
3-1: Base on Balls
Ricardo Ruíz to second
Batting: LHB Brock Miller 0-0: Ball
1-0: Called Strike
1-1: Ball
2-1: Swinging Strike
2-2: Ball
3-2: Strikes out looking
Batting: RHB Vernon Romo 0-0: Ball
1-0: SINGLE (Line Drive, 6MD)
Ricardo Ruíz to third
Danny Campbell to second
Batting: RHB Kirk Powell 0-0: Swinging Strike
0-1: Foul Ball, location: 2F
0-2: Ball
1-2: Strikes out swinging
Top of the 4th over - 0 run(s), 2 hit(s), 0 error(s), 3 left on base; La Crosse 0 - Bismarck 0
BOTTOM OF THE 4TH
Bismarck Barons batting - Pitching for La Crosse Loggers : RHP Bennie Jones
Batting: RHB Ronald Parsons 0-0: Foul Ball, location: 2F
0-1: Foul Ball, location: 2F
0-2: Foul Ball, location: 2F
0-2: Ball
1-2: Strikes out looking
Batting: RHB Seiji Kouno 0-0: Ball
1-0: Fly out, F7 (Flyball, 7M)
Batting: RHB Eric Fuller 0-0: Ball
1-0: Called Strike
1-1: Called Strike
1-2: Ball
2-2: SINGLE (Line Drive, 34D)
Batting: RHB Norm Francis 0-0: Ball
1-0: Ball
2-0: Ground out 6-3 (Groundball, 6)
Bottom of the 4th over - 0 run(s), 1 hit(s), 0 error(s), 1 left on base; La Crosse 0 - Bismarck 0
TOP OF THE 5TH
La Crosse Loggers batting - Pitching for Bismarck Barons : RHP Sébastien Benoit
Batting: LHB David Doyle 0-0: Swinging Strike
0-1: Swinging Strike
0-2: Ball
1-2: Foul Ball, location: 2F
1-2: Foul Ball, location: 2F
1-2: Ball
2-2: Ground out 5-3 (Groundball, 5)
Batting: RHB James Jenkins 0-0: Called Strike
0-1: SINGLE (Groundball, 6D)
Batting: RHB Bruce Brooks 0-0: Ball
James Jenkins steals 2nd base
1-0: Ball
2-0: Ball
3-0: Base on Balls
Batting: RHB James Green 0-0: Ball
1-0: Called Strike
1-1: Called Strike
1-2: Strikes out swinging
Batting: LHB Ricardo Ruíz 0-0: Ball
1-0: Ball
2-0: Foul Ball, location: 2F
2-1: Ball
3-1: Foul Ball, location: 2F
3-2: Base on Balls
James Jenkins to third
Bruce Brooks to second
Batting: RHB Danny Campbell 0-0: Swinging Strike
0-1: Swinging Strike
0-2: Strikes out swinging
Top of the 5th over - 0 run(s), 1 hit(s), 0 error(s), 3 left on base; La Crosse 0 - Bismarck 0
BOTTOM OF THE 5TH
Bismarck Barons batting - Pitching for La Crosse Loggers : RHP Bennie Jones
Batting: RHB Herb Bunch 0-0: Ground out 1-3 (Groundball, 23)
Batting: RHB Pancho Torres 0-0: Ball
1-0: Foul Ball, location: 2F
1-1: Ball
2-1: Ball
3-1: Called Strike
3-2: Strikes out looking
Batting: LHB John Frost 0-0: Called Strike
0-1: Ground out 4-3 (Groundball, 4MS)
Bottom of the 5th over - 0 run(s), 0 hit(s), 0 error(s), 0 left on base; La Crosse 0 - Bismarck 0
TOP OF THE 6TH
La Crosse Loggers batting - Pitching for Bismarck Barons : RHP Sébastien Benoit
Pitching: LHP Charlie Conner
Batting: LHB Brock Miller 0-0: Fly out, F5 (Popup, 5SF)
Pitching: LHP Christiano Gomes
Batting: RHB Vernon Romo 0-0: SINGLE (Groundball, 4MD)
Batting: RHB Kirk Powell 0-0: Ball
1-0: Ball
2-0: Called Strike
2-1: Swinging Strike
2-2: Ball
3-2: Foul Ball, location: 2F
3-2: SINGLE (Groundball, 6MD)
Vernon Romo to second
Batting: LHB David Doyle 0-0: Called Strike
0-1: Ball
1-1: Ball
2-1: SINGLE (Line Drive, 6MD)
Vernon Romo to third
Kirk Powell to second
Batting: RHB James Jenkins 0-0: Foul Ball, location: 2F
0-1: Ball
1-1: Foul Ball, location: 2F
1-2: Ball
2-2: Foul Ball, location: 2F
2-2: Foul Ball, location: 2F
2-2: SINGLE (Groundball, 6)
Vernon Romo scores
Kirk Powell to third
David Doyle to second
Runner from 3rd tries for Home, SAFE, no throw or cutoff
Batting: RHB Bruce Brooks 0-0: SINGLE (Groundball, 56D)
David Doyle to third
James Jenkins to second
Runner from 3rd tries for Home, SAFE, no throw or cutoff
Batting: RHB James Green 0-0: Foul Ball, location: 2F
0-1: Foul Ball, location: 2F
0-2: Ball
1-2: Strikes out swinging
Batting: LHB Ricardo Ruíz 0-0: Called Strike
0-1: Foul Ball, location: 2F
0-2: Ground out 4-3 (Groundball, 4)
Top of the 6th over - 3 run(s), 5 hit(s), 0 error(s), 2 left on base; La Crosse 3 - Bismarck 0
BOTTOM OF THE 6TH
Bismarck Barons batting - Pitching for La Crosse Loggers : RHP Bennie Jones
Batting: SHB António De La Cruz 0-0: Called Strike
0-1: Foul Ball, location: 2F
0-2: Ball
1-2: Fly out, F7 (Flyball, 7M)
Batting: LHB Edwin Ryan 0-0: Called Strike
0-1: Foul Ball, location: 2F
0-2: Ground out U3 (Groundball, 3S)
Batting: RHB Ronald Parsons 0-0: Ball
1-0: Foul Ball, location: 2F
1-1: Foul Ball, location: 2F
1-2: Ball
2-2: Foul Ball, location: 2F
2-2: Ball
3-2: SINGLE (Groundball, 4MD)
Batting: RHB Seiji Kouno 0-0: Ball
1-0: Fly out, F7 (Line Drive, 7LM)
Bottom of the 6th over - 0 run(s), 1 hit(s), 0 error(s), 1 left on base; La Crosse 3 - Bismarck 0
TOP OF THE 7TH
La Crosse Loggers batting - Pitching for Bismarck Barons : LHP Christiano Gomes
Batting: RHB Danny Campbell 0-0: Foul Ball, location: 2F
0-1: Ball
1-1: SOLO HOME RUN (Flyball, 7D), Distance : 370 ft
Pitching: RHP Sean Bass
Batting: LHB Brock Miller 0-0: Ball
1-0: Ground out U3 (Groundball, 3L)
Batting: RHB Vernon Romo 0-0: Ball
1-0: Ball
2-0: Swinging Strike
2-1: Ball
3-1: Foul Ball, location: 2F
3-2: Foul Ball, location: 2F
3-2: Foul Ball, location: 2F
3-2: Base on Balls
Batting: RHB Kirk Powell 0-0: Ball
1-0: Swinging Strike
1-1: Ball
Wild Pitch!
Vernon Romo to second
2-1: Foul Ball, location: 2F
2-2: Ball
3-2: Strikes out swinging
Batting: LHB David Doyle 0-0: Called Strike
0-1: Foul Ball, location: 2F
0-2: Ground out 4-3 (Groundball, 4)
Top of the 7th over - 1 run(s), 1 hit(s), 0 error(s), 1 left on base; La Crosse 4 - Bismarck 0
BOTTOM OF THE 7TH
Bismarck Barons batting - Pitching for La Crosse Loggers : RHP Bennie Jones
Batting: RHB Eric Fuller 0-0: SINGLE (Flyball, 9S)
Batting: RHB Norm Francis Balk!
Eric Fuller to second
0-0: Foul Ball, location: 2F
0-1: Called Strike
0-2: Fly out, F7 (Flyball, 7D)
Runner from 2nd tags up, SAFE at 3rd, no throw
Batting: RHB Herb Bunch 0-0: Ball
1-0: Ball
2-0: Called Strike
2-1: Swinging Strike
2-2: Foul Ball, location: 2F
2-2: Ball
3-2: Foul Ball, location: 2F
3-2: Strikes out swinging
Pitching: RHP Willie Alexander
Batting: RHB Pancho Torres 0-0: Ball
1-0: Ball
2-0: Ball
3-0: Fly out, F8 (Flyball, 8LM)
Bottom of the 7th over - 0 run(s), 1 hit(s), 0 error(s), 1 left on base; La Crosse 4 - Bismarck 0
TOP OF THE 8TH
La Crosse Loggers batting - Pitching for Bismarck Barons : RHP Sean Bass
Batting: RHB James Jenkins 0-0: Ball
1-0: Ball
2-0: Foul Ball, location: 2F
2-1: Swinging Strike
2-2: Foul Ball, location: 2F
2-2: Strikes out swinging
Batting: RHB Bruce Brooks 0-0: Swinging Strike
0-1: Reached on error, E5 (Groundball, 56)
Batting: RHB James Green 0-0: Called Strike
0-1: Ball
1-1: Ball
2-1: Foul Ball, location: 2F
2-2: Strikes out looking
Batting: LHB Ricardo Ruíz 0-0: Foul Ball, location: 2F
0-1: Ball
1-1: Ball
Bruce Brooks steals 2nd base
2-1: Fly out, F9 (Flyball, 9M)
Top of the 8th over - 0 run(s), 0 hit(s), 1 error(s), 1 left on base; La Crosse 4 - Bismarck 0
BOTTOM OF THE 8TH
Bismarck Barons batting - Pitching for La Crosse Loggers : RHP Willie Alexander
Batting: LHB John Frost 0-0: Ball
1-0: Ball
2-0: Called Strike
2-1: Called Strike
2-2: Ground out 1-3 (Groundball, 25)
Batting: SHB António De La Cruz 0-0: Ball
1-0: Ball
2-0: Fly out, F7 (Flyball, 7LM)
Batting: LHB Edwin Ryan 0-0: Called Strike
0-1: Ball
1-1: Foul Ball, location: 2F
1-2: Strikes out swinging
Bottom of the 8th over - 0 run(s), 0 hit(s), 0 error(s), 0 left on base; La Crosse 4 - Bismarck 0
TOP OF THE 9TH
La Crosse Loggers batting - Pitching for Bismarck Barons : RHP Sean Bass
Pitching: RHP Nick Parks
Batting: RHB Danny Campbell 0-0: Ball
1-0: Foul Ball, location: 2F
1-1: Called Strike
1-2: Ball
2-2: Ball
3-2: Foul Ball, location: 2F
3-2: Ground out 3-1 (Groundball, 34S)
Batting: LHB Brock Miller 0-0: Ball
1-0: Swinging Strike
1-1: Called Strike
1-2: Strikes out swinging
Batting: RHB Vernon Romo 0-0: Ball
1-0: Ball
2-0: Foul Ball, location: 2F
2-1: Foul Ball, location: 2F
2-2: Ball
3-2: Fly out, F7 (Flyball, 78S)
Top of the 9th over - 0 run(s), 0 hit(s), 0 error(s), 0 left on base; La Crosse 4 - Bismarck 0
BOTTOM OF THE 9TH
Bismarck Barons batting - Pitching for La Crosse Loggers : RHP Willie Alexander
Batting: RHB Ronald Parsons 0-0: Ball
1-0: Called Strike
1-1: SINGLE (Line Drive, 56D)
Batting: RHB Seiji Kouno 0-0: Foul Ball, location: 2F
0-1: Ball
1-1: Foul Ball, location: 2F
1-2: Ball
2-2: Foul Ball, location: 2F
2-2: Foul Ball, location: 2F
2-2: Ball
3-2: Base on Balls
Ronald Parsons to second
Pitching: RHP Chad Bennett
Batting: RHB Eric Fuller 0-0: Ball
1-0: Swinging Strike
1-1: Ball
2-1: Ball
3-1: Called Strike
3-2: Strikes out swinging
Batting: RHB Norm Francis 0-0: SINGLE (Line Drive, 56)
Ronald Parsons to third
Seiji Kouno to second
Pinch Hitting: RHB Paul Ladd 0-0: SINGLE (Groundball, 6MD)
Ronald Parsons scores
Seiji Kouno to third
Norm Francis to second
Runner from 3rd tries for Home, SAFE, throw made home
Pinch Hitting: RHB Roberto García 0-0: Called Strike
0-1: Called Strike
0-2: Strikes out swinging
Batting: LHB John Frost 0-0: Ground out 4-3 (Groundball, 4)
Bottom of the 9th over - 2 run(s), 3 hit(s), 0 error(s), 2 left on base; La Crosse 4 - Bismarck 2
This league is powered by Out of the Park Baseball, the baseball management simulation game for PC, Mac and Linux
Tuesday, August 2nd, 2016 - OOTP Baseball 16.8 Build 38